[Event "Titled Tuesday Blitz November 01 Late 2022"]
[White "Zhigalko, Sergei"]
[Black "Sarana, Alexey"]
[WhiteFideId "13502956"]
[BlackFideId "24133795"]
[WhiteElo "2875"]
[BlackElo "3026"]
[Result "0-1"]
[Round "09"]
[TimeControl "180+1"]
[Date "2022.11.01"]
[WhiteClock "0:00:03"]
[BlackClock "0:00:08"]

1. e4 c5 2. Nf3 d6 3. d4 cxd4 4. Qxd4 Nc6 5. Bb5 Bd7 6. Bxc6 Bxc6 7. Nc3 h6 8. Qd3 Nf6 9. Nd4 Qa5 10. Bd2 Qb6 11. O-O-O e5 12. Nf5 Rd8 13. Qf3 Qc7 14. Rhe1 b5 15. Kb1 a5 16. Nxh6 Rc8 17. Nf5 b4 18. Nd5 Bxd5 19. exd5 Qxc2+ 20. Ka1 Qa4 21. Rc1 Qd7 22. Bg5 Ng8 23. Rxc8+ Qxc8 24. Rc1 Qd7 25. Qg4 f6 26. Be3 Kf7 27. Nh6+ Ke7 28. Nf5+ Kf7 29. Nh6+ Ke7 30. Nxg8+ Rxg8 31. Qh5 g6 32. Qh4 Kf7 33. Bb6 Be7 34. Rc7 Qe8 35. Qg4 f5 36. Qh4 Rg7 37. Qc4 Qf8 38. Bxa5 Qh8 39. h3 Qh5 40. Bxb4 Qd1+ 41. Qc1 Qxd5 42. a3 Ke6 43. Rc3 f4 44. Rc7 g5 45. f3 e4 46. fxe4 Qxe4 47. Rc2 Rf7 48. Qd1 Kf6 49. Bc3+ Kg6 50. Re2 Qf5 51. Qe1 Bf8 52. Re6+ Kh7 53. Qe2 Kg8 54. Re8 d5 55. Qh5 Rh7 56. Qe2 Rf7 57. Bd4 Rc7 58. Qe1 Kf7 59. Bc3 Be7 60. Rh8 d4 61. Bxd4 Rd7 62. Bc3 Qc2 63. Qb1 Rd1 64. Rh7+ Ke8 65. Rh8+ Kd7 66. Qxd1+ Qxd1+ 67. Ka2 Qd5+ 68. Ka1 Qxg2 69. h4 Qf1+ 70. Ka2 Qc4+ 71. Ka1 f3 72. hxg5 f2 73. g6 f1=Q+ 0-1


[Site "https://www.chess.com"]

[Event "Titled Tuesday Blitz November 01 Late 2022"]
[White "Zivkovic, Nemanja"]
[Black "Indjic, Aleksandar"]
[WhiteFideId "942154"]
[BlackFideId "911925"]
[WhiteElo "2372"]
[BlackElo "2592"]
[Result "0-1"]
[Round "09"]
[TimeControl "180+1"]
[Date "2022.11.01"]
[WhiteClock "0:00:03"]
[BlackClock "0:00:08"]

1. e4 e5 2. Nf3 Nc6 3. Bb5 a6 4. Ba4 Bc5 5. d3 Nge7 6. c3 Ng6 7. O-O Ba7 8. h3 d6 9. Be3 Bxe3 10. fxe3 O-O 11. Nbd2 b5 12. Bc2 Rb8 13. a3 a5 14. b4 h6 15. d4 Bd7 16. Qe1 Ra8 17. Qg3 Qe7 18. Bd3 Rfb8 19. Qf2 Be8 20. Qe2 Nd8 21. Nb3 a4 22. Nbd2 c5 23. Qf2 Ne6 24. g3 cxd4 25. cxd4 Rc8 26. Rac1 h5 27. h4 Ngf8 28. Rfe1 Nh7 29. d5 Nef8 30. Nf1 Nf6 31. N1h2 Qb7 32. Ng5 Rc7 33. Rxc7 Qxc7 34. Qe2 Qc3 35. Rb1 Rc8 36. Nf1 N8h7 37. Nh3 Qxa3 38. Nf2 Qc3 39. Bxb5 Bxb5 40. Qxb5 Qc2 41. Qa6 Qxb1 42. Qxc8+ Nf8 43. Qc4 a3 0-1


[Site "https://www.chess.com"]

[Event "Titled Tuesday Blitz November 01 Late 2022"]
[White "chess50years"]
[Black "Estrada Nieto, Julian"]
[BlackFideId "5101018"]
[WhiteElo "2108"]
[BlackElo "2252"]
[Result "0-1"]
[Round "09"]
[TimeControl "180+1"]
[Date "2022.11.02"]
[WhiteClock "0:00:45"]
[BlackClock "0:00:39"]

1. d4 Nf6 2. c4 e6 3. Nc3 c5 4. e3 d5 5. cxd5 exd5 6. Nf3 c4 7. Ne5 Bd6 8. Be2 O-O 9. O-O Nc6 10. f4 Bf5 11. Bd2 Ne4 12. Nxe4 Bxe4 13. Be1 f6 14. Nxc6 bxc6 15. b3 Ba3 16. bxc4 Bb2 17. Rb1 Bxb1 18. Qxb1 Rb8 19. Qc2 Qe7 20. cxd5 cxd5 21. Bf2 Rfc8 22. Qa4 Bc1 23. Bf3 Bxe3 24. Bxd5+ Kh8 25. Bxe3 Qxe3+ 26. Kh1 Rc1 27. Bc4 Rxf1+ 28. Bxf1 Qxf4 29. Qc4 Rd8 30. d5 Qxc4 31. Bxc4 Rc8 32. Bf1 Rc1 33. Kg1 Rd1 0-1


[Site "https://www.chess.com"]

[Event "Titled Tuesday Blitz November 01 Late 2022"]
[White "Aggelis, Nikolaos"]
[Black "Manolache, Marius"]
[WhiteFideId "4213220"]
[BlackFideId "1201530"]
[WhiteElo "2187"]
[BlackElo "2364"]
[Result "1/2-1/2"]
[Round "10"]
[TimeControl "180+1"]
[Date "2022.11.01"]
[WhiteClock "0:01:36"]
[BlackClock "0:01:01"]

1. d4 Nf6 2. Nf3 e6 3. g3 b6 4. Bg2 Bb7 5. O-O Be7 6. c4 O-O 7. d5 a5 8. Nc3 Na6 9. e4 Bb4 10. Qc2 Bxc3 11. bxc3 Nc5 12. Re1 d6 13. Ba3 Re8 14. Bxc5 bxc5 15. Rab1 Rb8 16. Nd2 exd5 17. cxd5 Ba6 18. Qa4 Rxb1 19. Rxb1 Bd3 20. Rb7 h5 21. Qxa5 Nxe4 22. Nxe4 Bxe4 23. Qxc7 Qf6 24. Rb8 Qe5 25. Rxe8+ Qxe8 26. Qxd6 Bxg2 27. Kxg2 Qe4+ 28. Kg1 Qe1+ 29. Kg2 Qe4+ 30. Kf1 Qd3+ 31. Kg2 Qe4+ 1/2-1/2


[Site "https://www.chess.com"]

[Event "Titled Tuesday Blitz November 01 Late 2022"]
[White "Aghasiyev, Kamal"]
[Black "Ter-Sahakyan, Samvel"]
[WhiteFideId "13402854"]
[BlackFideId "13302531"]
[WhiteElo "2341"]
[BlackElo "2604"]
[Result "0-1"]
[Round "10"]
[TimeControl "180+1"]
[Date "2022.11.01"]
[WhiteClock "0:00:01"]
[BlackClock "0:00:17"]

1. d4 Nf6 2. Bg5 d5 3. Bxf6 gxf6 4. e3 c5 5. dxc5 e6 6. Nf3 Bxc5 7. Be2 Nc6 8. O-O Ne5 9. c4 dxc4 10. Nbd2 c3 11. bxc3 Ng6 12. Qa4+ Kf8 13. Ne4 Be7 14. c4 f5 15. Nc3 a6 16. Rfd1 Qc7 17. Rac1 Kg7 18. g3 Rd8 19. h4 h6 20. h5 Nf8 21. Bf1 Nd7 22. Bg2 Nc5 23. Qc2 Bd7 24. Nd4 Bf6 25. g4 fxg4 26. Ne4 Be5 27. Nxc5 Qxc5 28. Bxb7 Rab8 29. Bg2 Qe7 30. Nb3 Qg5 31. c5 Bb5 32. Nd4 Qxh5 33. Nxb5 axb5 34. Rxd8 Rxd8 35. c6 g3 36. f4 Bc7 0-1


[Site "https://www.chess.com"]

[Event "Titled Tuesday Blitz November 01 Late 2022"]
[White "Aizpurua, Patrick Emilio"]
[Black "Leitao, Rafael"]
[WhiteFideId "6600522"]
[BlackFideId "2101246"]
[WhiteElo "2378"]
[BlackElo "2609"]
[Result "0-1"]
[Round "10"]
[TimeControl "180+1"]
[Date "2022.11.02"]
[WhiteClock "0:00:03"]
[BlackClock "0:00:13"]

1. d4 Nf6 2. c4 e6 3. Nf3 Bb4+ 4. Bd2 c5 5. e3 O-O 6. Bd3 Bxd2+ 7. Qxd2 d6 8. O-O Nc6 9. Qc3 b6 10. Nbd2 Bb7 11. a3 a5 12. Rad1 d5 13. dxc5 bxc5 14. cxd5 Nxd5 15. Qxc5 Rc8 16. Nc4 Qf6 17. Qb5 Ba8 18. Qa4 Rfd8 19. Bb1 e5 20. Rxd5 Rxd5 21. Nb6 Nd4 22. Nxc8 Nxf3+ 23. gxf3 Rd8 24. Qg4 Bxf3 25. Ne7+ Kf8 26. Qf5 Kxe7 27. Qxf6+ gxf6 28. h3 Rg8+ 29. Kh2 Rg2+ 30. Kh1 e4 31. h4 f5 32. b4 axb4 33. axb4 Rxf2+ 34. Kg1 Rg2+ 35. Kh1 Kd6 36. b5 Kc5 37. b6 Kxb6 38. h5 h6 39. Bxe4 Rf2+ 40. Bxf3 Rxf1+ 41. Kg2 Re1 42. Kf2 Rc1 43. Kg3 Kc5 44. Kf4 Rf1 45. Kg3 Kd6 46. Be2 Rc1 47. Kf4 Ke6 48. Bd3 Rc5 49. Be2 Kf6 50. Bd3 Ra5 51. Bc2 Rb5 52. Bd3 Rb4+ 53. Kf3 Kg5 0-1


[Site "https://www.chess.com"]

[Event "Titled Tuesday Blitz November 01 Late 2022"]
[White "Ambartsumova, Karina"]
[Black "Rangel, Daniel"]
[WhiteFideId "4166299"]
[BlackFideId "2124475"]
[WhiteElo "2299"]
[BlackElo "2225"]
[Result "1/2-1/2"]
[Round "10"]
[TimeControl "180+1"]
[Date "2022.11.02"]
[WhiteClock "0:00:08"]
[BlackClock "0:00:10"]

1. d4 Nf6 2. Nf3 b6 3. g3 Bb7 4. Bg2 c5 5. c4 cxd4 6. Qxd4 e6 7. O-O Bc5 8. Qf4 a6 9. Nc3 O-O 10. a3 Be7 11. b4 d5 12. Bb2 Nbd7 13. cxd5 Nxd5 14. Nxd5 Bxd5 15. e4 Bb7 16. Rfd1 Qe8 17. Qc7 Bc8 18. e5 Bd8 19. Qc6 Rb8 20. Rac1 b5 21. h4 Nb6 22. Nd4 Nc4 23. Qxe8 Rxe8 24. Ba1 Bb7 25. Nc6 Bxc6 26. Bxc6 Rf8 27. a4 Be7 28. axb5 axb5 29. Bc3 Rfc8 30. Bf3 g6 31. Kg2 Kg7 32. Be4 h5 33. Re1 Nb6 34. Bd2 Nc4 35. Bc3 Nb6 36. Bd2 Nd7 37. f4 Nb6 38. Rc6 Nc4 39. Bc3 Rxc6 40. Bxc6 Rb6 41. Be4 Ra6 42. Ra1 Rxa1 43. Bxa1 Bxb4 44. Bc6 Na3 45. Bb2 Be7 46. Bxa3 Bxa3 47. Bxb5 Be7 48. Kf3 Bf8 49. Bd3 Be7 50. Be4 Bf8 51. Bd3 Be7 52. Be2 Bf8 53. Bd3 1/2-1/2


[Site "https://www.chess.com"]

[Event "Titled Tuesday Blitz November 01 Late 2022"]
[White "Annaberdiyev, Babageldi"]
[Black "Souleidis, Georgios"]
[WhiteFideId "14000385"]
[BlackFideId "4206827"]
[WhiteElo "2332"]
[BlackElo "2401"]
[Result "1-0"]
[Round "10"]
[TimeControl "180+1"]
[Date "2022.11.02"]
[WhiteClock "0:00:29"]
[BlackClock "0:00:04"]

1. e4 e5 2. Nf3 d6 3. Bc4 Nf6 4. d4 exd4 5. O-O Be7 6. Nxd4 O-O 7. Nc3 Nc6 8. Bf4 Nxd4 9. Qxd4 Nd7 10. Rad1 Bf6 11. Qd2 Be5 12. Bxe5 dxe5 13. h3 c6 14. a4 Qh4 15. a5 Nf6 16. Qe3 Re8 17. Rd6 h6 18. Rfd1 Nh5 19. Ne2 Qg5 20. b4 Nf4 21. Nxf4 exf4 22. Qf3 a6 23. c3 Be6 24. Bxe6 Rxe6 25. Rxe6 fxe6 26. Rd6 Qe5 27. Qd3 f3 28. g3 Rf8 29. Rd7 Rf7 30. Rxf7 Kxf7 31. Qxf3+ Ke7 32. Kg2 g5 33. Qd3 c5 34. Kf3 cxb4 35. cxb4 h5 36. Qc4 h4 37. Qc5+ Qxc5 38. bxc5 hxg3 39. fxg3 Kd7 40. h4 gxh4 41. gxh4 1-0


[Site "https://www.chess.com"]

[Event "Titled Tuesday Blitz November 01 Late 2022"]
[White "Arbunic Castro, Giovanna"]
[Black "Munoz Sanchez, Miguel"]
[WhiteFideId "3400549"]
[BlackFideId "3600734"]
[WhiteElo "1938"]
[BlackElo "2166"]
[Result "0-1"]
[Round "10"]
[TimeControl "180+1"]
[Date "2022.11.02"]
[WhiteClock "0:00:02"]
[BlackClock "0:01:06"]

1. e4 e6 2. d4 d5 3. exd5 exd5 4. Nf3 Nc6 5. c4 Bb4+ 6. Nc3 Nge7 7. Bg5 f6 8. Bh4 Bf5 9. Bd3 Bxd3 10. Qxd3 Qd7 11. O-O-O O-O-O 12. c5 Bxc3 13. Qxc3 Nf5 14. Bg3 h5 15. b4 h4 16. Bf4 g5 17. Be3 a6 18. a4 Na7 19. Kd2 Rde8 20. Ra1 g4 21. b5 gxf3 22. c6 Nxc6 23. bxc6 Qxc6 24. Qb3 Nxe3 25. fxe3 fxg2 26. Rhc1 Qe6 27. Rab1 b6 28. Qd3 Kb7 29. a5 Qd6 30. axb6 cxb6 31. Ra1 Ra8 32. Qc3 Rhc8 33. Qb3 b5 34. Rg1 h3 35. Qd3 Qb4+ 36. Ke2 Qc4 37. Qxc4 Rxc4 38. Kf3 Re8 0-1


[Site "https://www.chess.com"]

[Event "Titled Tuesday Blitz November 01 Late 2022"]
[White "Barria Zuniga, Daniel"]
[Black "Dehtiarov, Roman"]
[WhiteFideId "3400816"]
[BlackFideId "14186640"]
[WhiteElo "2414"]
[BlackElo "2200"]
[Result "0-1"]
[Round "10"]
[TimeControl "180+1"]
[Date "2022.11.02"]
[WhiteClock "0:00:01"]
[BlackClock "0:00:05"]

1. d4 Nf6 2. c4 e6 3. Nf3 b6 4. g3 Ba6 5. Qc2 c5 6. d5 Bb7 7. Bg2 exd5 8. cxd5 Nxd5 9. O-O Be7 10. Ne5 O-O 11. Qb3 Nc6 12. Qxd5 Na5 13. Qxd7 Qxd7 14. Nxd7 Bxg2 15. Kxg2 Rfe8 16. Nc3 f6 17. Rd1 Kf7 18. Nb5 Red8 19. Be3 Nc6 20. Rd2 Rac8 21. Rad1 Ke6 22. f4 Kf7 23. f5 g6 24. g4 h5 25. h3 hxg4 26. hxg4 gxf5 27. gxf5 Rg8+ 28. Kf3 Rcd8 29. Bf4 a6 30. Nc3 Nd4+ 31. Rxd4 cxd4 32. Rxd4 Bc5 33. Nxc5 Rxd4 34. Ne6 Rb4 35. b3 Rc8 36. Ne4 Rc2 37. Bd6 Rb5 38. Bf4 Rb4 39. Bd6 Rxe4 40. Kxe4 Rxe2+ 41. Kd5 Rxa2 42. Nd4 Ra5+ 0-1


[Site "https://www.chess.com"]

[Event "Titled Tuesday Blitz November 01 Late 2022"]
[White "Baskakov, Egor"]
[Black "Rustemov, Alexander"]
[WhiteFideId "24197866"]
[BlackFideId "4119002"]
[WhiteElo "2211"]
[BlackElo "2924"]
[Result "0-1"]
[Round "10"]
[TimeControl "180+1"]
[Date "2022.11.01"]
[WhiteClock "0:00:40"]
[BlackClock "0:00:56"]

1. c4 c5 2. Nc3 g6 3. g3 Bg7 4. Bg2 Nc6 5. e3 Bxc3 6. bxc3 Qc7 7. Ne2 b6 8. O-O Bb7 9. d4 d6 10. Nf4 e6 11. e4 Na5 12. Re1 O-O-O 13. d5 e5 14. Nd3 Kb8 15. Qg4 Nf6 16. Qh4 Nd7 17. f4 f6 18. fxe5 dxe5 19. Bh6 Nxc4 20. Rf1 Nd6 21. Rxf6 Nxf6 22. Qxf6 Nf7 23. Bg7 Rhg8 24. Rf1 Ba6 25. Qxf7 Rxg7 26. Qxc7+ Kxc7 27. Nxe5 Bxf1 28. Kxf1 Re8 29. Nc4 Rd7 30. e5 b5 31. d6+ Kc8 32. Na5 Rxe5 33. Nc6 Rf7+ 0-1


[Site "https://www.chess.com"]

[Event "Titled Tuesday Blitz November 01 Late 2022"]
[White "Bayo Milagro, Alvaro"]
[Black "Bilan, Danila"]
[WhiteFideId "22275240"]
[BlackFideId "24161918"]
[WhiteElo "2270"]
[BlackElo "2203"]
[Result "1-0"]
[Round "10"]
[TimeControl "180+1"]
[Date "2022.11.02"]
[WhiteClock "0:00:07"]
[BlackClock "0:00:08"]

1. e4 c6 2. d4 d5 3. Nc3 dxe4 4. Nxe4 Bf5 5. Ng3 Bg6 6. h4 h6 7. Nf3 Nd7 8. h5 Bh7 9. Bd3 Bxd3 10. Qxd3 Qc7 11. Bd2 e6 12. O-O-O Bd6 13. Ne4 Ngf6 14. Nxd6+ Qxd6 15. Kb1 Qd5 16. c4 Qe4 17. Qxe4 Nxe4 18. Be3 O-O 19. Ne5 Rfd8 20. g4 f6 21. Ng6 Kf7 22. f3 Nd6 23. b3 b5 24. c5 Ne8 25. f4 Nc7 26. Rhe1 Nd5 27. Bd2 Nf8 28. Nh4 a5 29. Kb2 a4 30. b4 Rd7 31. Re2 Rad8 32. Rde1 Nxb4 33. Bxb4 Rxd4 34. Re4 R8d5 35. Nf3 Rd3 36. R4e3 Nd7 37. R1e2 Rxe3 38. Rxe3 e5 39. fxe5 fxe5 40. Kc2 Ke6 41. Nh4 Nxc5 42. Nf5 Kf6 43. Rc3 Ne6 44. Rxc6 Kf7 45. Nd6+ Kf6 46. Nf5 Kf7 47. Rb6 Nd4+ 48. Nxd4 Rxd4 49. Rb7+ Kg8 50. Bc3 Rxg4 51. Bxe5 Rg5 52. Bc3 Rxh5 53. Rxg7+ Kf8 54. Rb7 Rf5 55. Bg7+ Ke8 56. Bxh6 Kd8 57. Bd2 Kc8 58. Rh7 Rd5 59. Bb4 Rd4 60. a3 Rd5 61. Rg7 Rf5 62. Kc3 Rh5 63. Kd4 Rf5 64. Re7 Rh5 65. Re5 Rxe5 66. Kxe5 Kb7 67. Kd5 Ka8 68. Kc6 Ka7 69. Bc5+ Ka6 70. Bb6 b4 71. axb4 a3 72. b5# 1-0


[Site "https://www.chess.com"]

[Event "Titled Tuesday Blitz November 01 Late 2022"]
[White "Besedes, Danilo"]
[Black "D`Arruda, Ricardo D."]
[WhiteFideId "946796"]
[BlackFideId "100692"]
[WhiteElo "2352"]
[BlackElo "2475"]
[Result "0-1"]
[Round "10"]
[TimeControl "180+1"]
[Date "2022.11.02"]
[WhiteClock "0:01:39"]
[BlackClock "0:01:33"]

1. d3 d5 2. e4 dxe4 3. dxe4 Qxd1+ 4. Kxd1 e5 5. Be3 Nc6 6. Nd2 Nf6 7. f3 Be6 8. Bc4 Bxc4 9. Nxc4 O-O-O+ 10. Kc1 Nd7 11. Ne2 Bc5 12. Rd1 Bxe3+ 13. Nxe3 Nb6 14. c3 Rxd1+ 15. Kxd1 Rd8+ 16. Kc2 f6 17. a4 a5 18. b3 Ne7 19. Nc1 c6 20. Nd3 Nd7 21. Nc4 b6 22. b4 axb4 23. cxb4 Kc7 24. a5 b5 25. Ne3 Kb7 26. Nf1 Rc8 27. Nd2 c5 28. Kd1 c4 29. Nc1 Nc6 30. Na2 Ndb8 31. Nf1 Rd8+ 32. Ke2 Rd3 33. Rb1 Na6 34. Ne3 Nd4+ 0-1


[Site "https://www.chess.com"]

[Event "Titled Tuesday Blitz November 01 Late 2022"]
[White "Bettalli, Francesco"]
[Black "Rose, Felix"]
[WhiteFideId "2816453"]
[BlackFideId "5105722"]
[WhiteElo "2216"]
[BlackElo "2039"]
[Result "1-0"]
[Round "10"]
[TimeControl "180+1"]
[Date "2022.11.02"]
[WhiteClock "0:01:13"]
[BlackClock "0:00:07"]

1. d4 Nf6 2. Nc3 d5 3. Bg5 Nbd7 4. Qd3 h6 5. Bh4 c5 6. e4 dxe4 7. Nxe4 Nxe4 8. Qxe4 Qa5+ 9. c3 cxd4 10. Qxd4 e5 11. Qd2 g5 12. Bg3 Bg7 13. Nf3 O-O 14. h4 g4 15. Nh2 Nf6 16. Bd3 Rd8 17. Qe2 e4 18. Bc2 Bd7 19. a4 Qb6 20. Rb1 Re8 21. Nf1 Nh5 22. Ne3 Nxg3 23. fxg3 Be5 24. Qf2 Qc7 25. O-O Be6 26. Nf5 Bxf5 27. Qxf5 Bxg3 28. Bxe4 Rxe4 29. Qxe4 Bxh4 30. Qxg4+ Bg5 31. Rbe1 Rd8 32. Re4 Qc5+ 33. Kh1 Rd2 34. Qf3 Qc7 35. a5 Rxb2 36. Rb4 Rc2 37. Rxb7 Qxc3 38. Qxf7+ Kh8 39. Qh7# 1-0


[Site "https://www.chess.com"]

[Event "Titled Tuesday Blitz November 01 Late 2022"]
[White "Boidiya, Sidi"]
[Black "Janaszak, Dawid"]
[WhiteFideId "19600100"]
[BlackFideId "1119206"]
[WhiteElo "2113"]
[BlackElo "2226"]
[Result "0-1"]
[Round "10"]
[TimeControl "180+1"]
[Date "2022.11.02"]
[WhiteClock "0:00:17"]
[BlackClock "0:01:48"]

1. e4 c5 2. Nc3 e6 3. g3 d5 4. exd5 exd5 5. Bg2 Nf6 6. d3 Be7 7. Nge2 d4 8. Ne4 Nxe4 9. dxe4 O-O 10. O-O Nc6 11. Nf4 Bd6 12. Nd5 Be6 13. c4 dxc3 14. Nxc3 Nd4 15. Be3 Qb6 16. Rb1 Rad8 17. Nd5 Qa6 18. a3 Bxd5 19. exd5 Be5 20. b4 Ne2+ 21. Kh1 Nc3 22. Qb3 Nxb1 23. Rxb1 cxb4 24. Qxb4 b6 25. h3 Bd6 26. Qc4 Qxc4 0-1


[Site "https://www.chess.com"]

[Event "Titled Tuesday Blitz November 01 Late 2022"]
[White "Broca Jimenez, Fernando"]
[Black "Vargas, Mauricio"]
[WhiteFideId "5104742"]
[BlackFideId "4404572"]
[WhiteElo "2062"]
[BlackElo "2025"]
[Result "1-0"]
[Round "10"]
[TimeControl "180+1"]
[Date "2022.11.02"]
[WhiteClock "0:00:18"]
[BlackClock "0:00:02"]

1. e4 d6 2. c4 c6 3. Nc3 g6 4. d4 Bg7 5. Nf3 a6 6. h3 b5 7. a3 Bb7 8. Bg5 Nd7 9. Qd2 h6 10. Be3 e6 11. Bd3 Ngf6 12. O-O O-O 13. Bxh6 bxc4 14. Bxc4 c5 15. d5 Ne5 16. Nxe5 dxe5 17. dxe6 fxe6 18. Bxe6+ Kh7 19. Qxd8 Raxd8 20. Bxg7 Kxg7 21. Bc4 Nh5 22. f3 Nf6 23. Rad1 Nh5 24. Nd5 Nf4 25. Nxf4 exf4 26. Kf2 1-0


[Site "https://www.chess.com"]

[Event "Titled Tuesday Blitz November 01 Late 2022"]
[White "Castella Garcia, Fausto"]
[Black "Li, Ben"]
[WhiteFideId "3501922"]
[BlackFideId "2089980"]
[WhiteElo "2246"]
[BlackElo "2267"]
[Result "0-1"]
[Round "10"]
[TimeControl "180+1"]
[Date "2022.11.02"]
[WhiteClock "0:00:01"]
[BlackClock "0:00:03"]

1. e4 e5 2. Nf3 Nf6 3. d4 Nxe4 4. Bd3 d5 5. Nxe5 Bd6 6. O-O O-O 7. c4 Nf6 8. Nc3 dxc4 9. Bxc4 Nbd7 10. Re1 c6 11. Bg5 h6 12. Bh4 Nb6 13. Bb3 g5 14. Bg3 Bf5 15. Qf3 Bh7 16. Rad1 Nbd5 17. Nxd5 cxd5 18. h4 Be7 19. hxg5 hxg5 20. Ng4 Be4 21. Nxf6+ Bxf6 22. Rxe4 dxe4 23. Qxe4 Kg7 24. f4 Re8 25. Qf5 Bxd4+ 26. Kf1 Qf6 27. Qxg5+ Qxg5 28. fxg5 Be5 29. Bxe5+ Rxe5 30. Rd7 Rf5+ 31. Kg1 Rb8 32. g6 Kxg6 33. Bc2 Kf6 34. Bxf5 Kxf5 35. Rxf7+ Kg6 36. Rc7 a5 37. Kf2 b6 38. g4 Kg5 39. Kg3 Rd8 40. Rc6 Rd3+ 41. Kf2 Rd2+ 42. Ke3 Rxb2 43. a4 Kxg4 44. Kd3 Kf4 45. Kc3 Rb1 46. Kc4 Rb4+ 47. Kd5 Ke3 48. Rc4 Rb1 49. Kc6 Kd3 50. Rh4 Kc3 51. Rh3+ Kc2 0-1


[Site "https://www.chess.com"]

[Event "Titled Tuesday Blitz November 01 Late 2022"]
[White "Castellanos Gomez, Alejandro"]
[Black "Brown, Andrew"]
[WhiteFideId "22284141"]
[BlackFideId "3206513"]
[WhiteElo "2168"]
[BlackElo "2245"]
[Result "0-1"]
[Round "10"]
[TimeControl "180+1"]
[Date "2022.11.02"]
[WhiteClock "0:00:01"]
[BlackClock "0:00:05"]

1. d4 g6 2. Bf4 Bg7 3. Nc3 d5 4. Qd2 c6 5. O-O-O h5 6. e4 dxe4 7. Nxe4 Bf5 8. Ng3 Be6 9. Nf3 h4 10. Ne4 Bd5 11. Nc5 Nd7 12. Nxd7 Qxd7 13. Ne5 Qf5 14. c4 Be6 15. Bd3 Qxf4 16. Qxf4 Bh6 17. Qxh6 Nxh6 18. d5 cxd5 19. cxd5 Bf5 20. Bb5+ Kf8 21. Kd2 Ng4 22. Nxg4 Bxg4 23. f3 Bf5 24. Ke3 Rc8 25. Rc1 Kg7 26. Ba4 g5 27. b4 Kf6 28. Kd4 b6 29. Bc6 Rhd8 30. b5 e5+ 31. Ke3 Ke7 32. Rc3 Kd6 33. Ra3 Rc7 34. g3 Rh8 35. g4 Bc8 36. Rc1 f5 37. gxf5 Bxf5 38. Rc4 Re7 39. Rca4 Rhh7 40. Rc3 h3 41. Ba8 Rc7 42. Rc6+ Rxc6 43. dxc6 Rh4 44. Rxa7 Rb4 45. Rf7 Be6 46. Rf6 Rxb5 47. Bb7 Rc5 48. Bc8 Ke7 49. Rxe6+ Kd8 50. Bd7 Kc7 51. Ke4 b5 52. Rxe5 Rc2 53. Rxb5 Rxh2 54. Rb7+ Kd6 55. Be8 Rc2 56. Rd7+ Ke6 57. Rd3 h2 58. Bd7+ Ke7 59. Rd1 Rxa2 60. Rh1 Rg2 61. Kf5 Kd6 62. Be8 Kc7 63. Bd7 Kd6 64. Ke4 Kc7 65. Ke3 Kd6 66. Bh3 Ra2 67. Bd7 Rg2 68. f4 g4 69. Ke4 g3 70. Kf5 Rg1 0-1


[Site "https://www.chess.com"]

[Event "Titled Tuesday Blitz November 01 Late 2022"]
[White "Chigaev, Maksim"]
[Black "Kleiman, Jake"]
[WhiteFideId "4108116"]
[BlackFideId "2020041"]
[WhiteElo "2537"]
[BlackElo "2650"]
[Result "1-0"]
[Round "10"]
[TimeControl "180+1"]
[Date "2022.11.01"]
[WhiteClock "0:00:05"]
[BlackClock "0:00:03"]

1. Nf3 Nf6 2. c4 e6 3. g3 d5 4. Bg2 dxc4 5. O-O a6 6. Qc2 b5 7. Ne5 Nd5 8. d3 cxd3 9. Nxd3 Bb7 10. Rd1 Nd7 11. e4 N5b6 12. Nc3 Be7 13. a4 b4 14. Ne2 a5 15. Bf4 c5 16. Ne5 Qc8 17. Nxd7 Nxd7 18. Bd6 Bxd6 19. Rxd6 O-O 20. Rad1 Nf6 21. Nf4 Ra6 22. R6d2 e5 23. Nd3 Nxe4 24. Re2 Ng5 25. Nxe5 Bxg2 26. Kxg2 Qh3+ 27. Kh1 Re6 28. f4 f6 29. Nd7 Rxe2 30. Qxe2 Rd8 31. fxg5 fxg5 32. Nf6+ Kf7 33. Rxd8 gxf6 34. Rd1 Kg7 35. Rf1 Qd7 36. Qf3 Qd6 37. b3 Qe5 38. Qf5 Qe7 39. Kg2 h5 40. h3 Qd8 41. Kh2 Qd2+ 42. Rf2 Qd6 43. Kg2 Qe7 44. Qf3 Kg6 45. Re2 Qd7 46. Qe4+ Kh6 47. g4 h4 48. Rf2 Qd6 49. Qf3 Kg7 50. Re2 Qc7 51. Qe3 Kh6 52. Kf2 Qh2+ 53. Ke1 Qh1+ 54. Kd2 Qd5+ 55. Qd3 Qc6 56. Rf2 Qb6 57. Qf3 Kg7 58. Kc2 Qe6 59. Qd3 Qc6 60. Re2 Qh1 61. Re7+ Kh6 62. Qh7# 1-0


[Site "https://www.chess.com"]

[Event "Titled Tuesday Blitz November 01 Late 2022"]
[White "Deac, Bogdan-Daniel"]
[Black "Bortnyk, Olexandr"]
[WhiteFideId "1226380"]
[BlackFideId "14120828"]
[WhiteElo "2648"]
[BlackElo "2723"]
[Result "1/2-1/2"]
[Round "10"]
[TimeControl "180+1"]
[Date "2022.11.01"]
[WhiteClock "0:00:07"]
[BlackClock "0:00:05"]

1. d4 d6 2. e4 Nf6 3. Bd3 e5 4. c3 g6 5. Nf3 Nc6 6. O-O Bg7 7. Re1 O-O 8. h3 Re8 9. d5 Ne7 10. c4 Nh5 11. Nc3 Rf8 12. Bf1 f5 13. exf5 Nxf5 14. Ne4 h6 15. g4 Nh4 16. Nxh4 Qxh4 17. gxh5 Bxh3 18. Bxh3 Qxh3 19. Re3 Qh4 20. hxg6 Rf4 21. Ng3 Raf8 22. Qh5 Qxh5 23. Nxh5 Rxf2 24. Re1 Rc2 25. Re4 Rff2 26. Be3 Rg2+ 27. Kf1 Rxg6 28. Re1 Rgg2 29. Nxg7 Kxg7 30. Rh4 Rxb2 31. Bxh6+ Kg6 32. Be3 Rxa2 33. c5 a5 34. cxd6 cxd6 35. Rh6+ Kf5 36. Rxd6 Rh2 37. Rd8 Rh1+ 38. Bg1 Rh7 39. d6 Ke6 40. Re2 Ra1+ 41. Re1 Rf7+ 42. Bf2 Ra2 43. Re2 Ra1+ 44. Re1 Ra2 45. Re8+ Kd7 46. Re7+ Rxe7 47. dxe7 Kxe7 48. Rxe5+ Kd6 49. Rb5 Kc6 50. Rc5+ Kd6 51. Rb5 Kc6 52. Rc5+ Kd6 53. Rb5 1/2-1/2


[Site "https://www.chess.com"]

[Event "Titled Tuesday Blitz November 01 Late 2022"]
[White "Diaz Rosas, Julio Cesar"]
[Black "Putnam, Liam"]
[WhiteFideId "5105099"]
[BlackFideId "30938279"]
[WhiteElo "2246"]
[BlackElo "2082"]
[Result "1/2-1/2"]
[Round "10"]
[TimeControl "180+1"]
[Date "2022.11.02"]
[WhiteClock "0:00:03"]
[BlackClock "0:01:01"]

1. e4 g6 2. d4 Bg7 3. Nc3 a6 4. a4 d6 5. Nf3 Bg4 6. Be2 Nc6 7. Be3 e5 8. dxe5 dxe5 9. Nd5 Nf6 10. Bg5 h6 11. Nxf6+ Bxf6 12. Qxd8+ Bxd8 13. Be3 Be7 14. c3 Bd6 15. Nd2 Bxe2 16. Kxe2 Ke7 17. Rhd1 Ke6 18. b4 f5 19. f3 f4 20. Bf2 g5 21. h3 h5 22. Nb3 b6 23. a5 b5 24. Bc5 Rag8 25. Kf2 g4 26. hxg4 hxg4 27. Rh1 g3+ 28. Ke2 Ne7 29. Rxh8 Rxh8 30. Bg1 Ng6 31. Kf1 Rh1 32. Rd1 Nh4 33. Rd2 Rh2 34. Re2 Rh1 35. Rd2 c6 36. Re2 Be7 37. Rd2 Bd6 38. Re2 Ke7 39. Rd2 Ng6 40. Re2 Nf8 41. Rd2 Ne6 42. Rd1 Bb8 43. Ke2 Kf6 44. Rf1 Bc7 45. Re1 Bd6 46. Rd1 Be7 47. Rf1 Rh8 48. Rd1 Rd8 49. Rxd8 Bxd8 50. Nc5 Nxc5 51. Bxc5 Ke6 52. Kd3 Be7 53. Bb6 Kd7 54. Ba7 c5 55. bxc5 Kc6 56. c4 Bxc5 57. cxb5+ Kxb5 58. Bb8 Bd4 59. Bc7 Kc6 60. Bb8 Ba1 61. Kc4 Bd4 62. Kb4 Kb7 63. Bd6 Ba1 64. Bf8 Kc6 65. Be7 Bb2 66. Kc4 Bc1 67. Bb4 Be3 68. Bc3 Kd6 69. Bb4+ Ke6 70. Bc3 Ba7 71. Bb4 Bd4 72. Bc5 Bb2 73. Bb4 Bd4 74. Bc5 Bb2 75. Bg1 Ba3 76. Bb6 Kd6 77. Ba7 Kc6 78. Bb8 Bd6 79. Ba7 Bc7 80. Kb4 Kb7 81. Bc5 Kc6 82. Ba7 Bd6+ 83. Kc4 Bc7 84. Kb4 1/2-1/2


[Site "https://www.chess.com"]